[Event "Titled Tuesday Blitz March 08 Early 2022"]
[White "Coelho, Ramyres Santana"]
[Black "Berezin, Viktor"]
[WhiteFideId "2120690"]
[BlackFideId "14107872"]
[WhiteElo "1888"]
[BlackElo "2310"]
[Result "1-0"]
[Round "05"]
[TimeControl "180+1"]
[Date "2022.03.09"]
[WhiteClock "0:00:22"]
[BlackClock "0:01:47"]

1. e4 c6 2. d4 d5 3. Nc3 dxe4 4. Nxe4 Nf6 5. Nxf6+ exf6 6. Nf3 Bd6 7. Bd3 O-O 8. O-O Re8 9. Re1 Rxe1+ 10. Qxe1 Nd7 11. h3 Nf8 12. Qe4 Qc7 13. Bd2 Be6 14. b3 Re8 15. Qh4 c5 16. Re1 Ng6 17. Bxg6 hxg6 18. d5 Bd7 19. Rxe8+ Bxe8 20. c4 Bd7 21. Qe4 b5 22. Bc3 Kf8 23. Ne1 Bf5 24. Qe2 bxc4 25. bxc4 Qb7 26. g4 Bd7 27. Nf3 Qb1+ 28. Kg2 Ba4 29. Qb2 Qe4 30. Qb7 Kg8 31. Qc8+ Kh7 32. Qd8 Bf4 33. Qe7 Bd1 34. Qxe4 1-0


[Site "https://www.chess.com"]

[Event "Titled Tuesday Blitz March 08 Early 2022"]
[White "Costachi, Mihnea"]
[Black "Bilych, Olexiy"]
[WhiteFideId "1217518"]
[BlackFideId "14156504"]
[WhiteElo "2464"]
[BlackElo "2176"]
[Result "0-1"]
[Round "05"]
[TimeControl "180+1"]
[Date "2022.03.08"]
[WhiteClock "0:00:13"]
[BlackClock "0:00:22"]

1. e4 e5 2. Nf3 Nc6 3. Bc4 Nf6 4. d3 Bc5 5. c3 d6 6. Bg5 h6 7. Bh4 a6 8. d4 Ba7 9. dxe5 dxe5 10. Qxd8+ Nxd8 11. Nbd2 Nc6 12. O-O O-O 13. Bg3 Re8 14. Rfe1 Bg4 15. h3 Bh5 16. Bd5 Rad8 17. Bxc6 bxc6 18. Nc4 Nd7 19. Nfxe5 Nxe5 20. Nxe5 Rd2 21. Nxc6 Bb6 22. b3 Bg6 23. e5 Rd3 24. Rac1 Rxg3 25. c4 Rd3 26. c5 Re6 27. cxb6 cxb6 28. Re2 b5 29. f4 h5 30. Kf2 h4 31. a4 Bf5 32. axb5 axb5 33. Re3 Rd2+ 34. Kf3 Kh7 35. g4 hxg3 36. Kxg3 Rg6+ 37. Kf3 Bxh3 38. Rh1 Rh6 39. Kg3 Rg2+ 40. Kf3 Rc2 41. Kg3 Rg2+ 42. Kf3 Rgg6 43. Kf2 Rxc6 44. Rhxh3 Rc2+ 45. Ke1 b4 46. Rxh6+ Kxh6 47. Re4 Kh5 48. Rxb4 Kg4 49. Kd1 Rf2 50. Rb7 Rxf4 51. Kd2 Rf5 52. Re7 Kf4 53. Kd3 g5 54. b4 g4 55. b5 g3 56. Re8 g2 57. Rg8 Rg5 58. Rxg5 Kxg5 59. b6 g1=Q 60. b7 Qb6 61. b8=Q Qxb8 62. Ke4 Qe8 63. Kd5 Qe6+ 64. Ke4 Kg4 65. Kd4 Kf4 66. Kc5 Qxe5+ 67. Kb6 f5 68. Ka7 Ke3 69. Ka8 f4 70. Ka7 f3 71. Ka8 f2 72. Ka7 f1=Q 73. Ka8 Qb1 74. Ka7 0-1


[Site "https://www.chess.com"]

[Event "Titled Tuesday Blitz March 08 Early 2022"]
[White "Coto Mederos, Michel"]
[Black "Muradov, Soltan"]
[WhiteFideId "3508528"]
[BlackFideId "14002108"]
[WhiteElo "2427"]
[BlackElo "1854"]
[Result "0-1"]
[Round "05"]
[TimeControl "180+1"]
[Date "2022.03.09"]
[WhiteClock "0:00:02"]
[BlackClock "0:00:01"]

1. d4 Nf6 2. Bg5 e6 3. e4 h6 4. Bxf6 Qxf6 5. Nf3 d6 6. Nc3 g6 7. Bd3 Bg7 8. Qe2 a6 9. e5 Qe7 10. h4 b5 11. h5 g5 12. Nh2 Bb7 13. Be4 d5 14. Bd3 c5 15. dxc5 Nd7 16. Ng4 Nxc5 17. O-O O-O 18. f4 gxf4 19. Rxf4 Qg5 20. Raf1 Nd7 21. Nf6+ Bxf6 22. exf6 Kh8 23. Rg4 Qe5 24. Qd2 Qxh5 25. Rff4 Rg8 26. Rh4 Qg5 27. Nd1 Nxf6 28. Qf2 Ne4 29. Bxe4 dxe4 30. Rxf7 e3 31. Nxe3 Rg7 32. Rxg7 Qxg7 33. Ng4 Kg8 34. Rxh6 Qxg4 35. Qd2 Rf8 0-1


[Site "https://www.chess.com"]

[Event "Titled Tuesday Blitz March 08 Early 2022"]
[White "Csonka, Balazs"]
[Black "Dushyant Sharma"]
[WhiteFideId "742910"]
[BlackFideId "25065130"]
[WhiteElo "2404"]
[BlackElo "2105"]
[Result "1-0"]
[Round "05"]
[TimeControl "180+1"]
[Date "2022.03.09"]
[WhiteClock "0:00:04"]
[BlackClock "0:00:03"]

1. e4 d5 2. exd5 Nf6 3. c4 Bg4 4. Be2 Bxe2 5. Qxe2 c6 6. dxc6 Nxc6 7. Nf3 e6 8. O-O Be7 9. Rd1 Nd4 10. Nxd4 Qxd4 11. Nc3 O-O 12. Nb5 Qh4 13. d4 Rfd8 14. Be3 a6 15. Nc3 Rac8 16. Rac1 Ng4 17. h3 Nxe3 18. fxe3 Bg5 19. b3 Qg3 20. Rd3 f5 21. Rf1 Qh4 22. e4 Bf6 23. e5 Be7 24. Rfd1 b5 25. cxb5 axb5 26. Nxb5 h6 27. Kh1 Ra8 28. d5 exd5 29. Rxd5 Rxd5 30. Rxd5 Bg5 31. Rd4 Qg3 32. Rd3 Qf4 33. Qf3 Qc1+ 34. Rd1 Qc2 35. Qxa8+ Kh7 36. Qf3 Be3 37. e6 f4 38. e7 Qg6 39. Nd6 Qc2 40. Qe4+ Qxe4 41. Nxe4 Kg6 42. e8=Q+ Kf5 43. Qd7+ Ke5 44. Qd5# 1-0


[Site "https://www.chess.com"]

[Event "Titled Tuesday Blitz March 08 Early 2022"]
[White "Daianu, Cristian-Clement"]
[Black "Nguyen, Thi Minh Oanh"]
[WhiteFideId "1208926"]
[BlackFideId "12404080"]
[WhiteElo "2159"]
[BlackElo "1825"]
[Result "1-0"]
[Round "05"]
[TimeControl "180+1"]
[Date "2022.03.09"]
[WhiteClock "0:01:08"]
[BlackClock "0:00:01"]

1. d4 d5 2. Bf4 Nf6 3. e3 e6 4. Nc3 Bd6 5. Bg3 c5 6. Nf3 Nc6 7. Bd3 cxd4 8. exd4 Bxg3 9. hxg3 Qb6 10. Qd2 Qxb2 11. Rb1 Qa3 12. Ne5 Nxd4 13. Nb5 Nxb5 14. Bxb5+ Ke7 15. O-O a6 16. Bd3 Rd8 17. Qg5 Kf8 18. f4 h6 19. Qh4 Qa4 20. g4 Qd4+ 21. Kh1 Ke7 22. c3 Qxc3 23. Rbc1 Qa5 24. g5 Ne4 25. gxh6+ f6 26. hxg7 Bd7 27. Ng4 Qd2 28. Bxe4 Qd4 29. Bg6 Rg8 30. Qh6 Rad8 31. Bh7 e5 32. Bxg8 Bxg4 33. fxe5 Qxe5 34. Rce1 1-0


[Site "https://www.chess.com"]

[Event "Titled Tuesday Blitz March 08 Early 2022"]
[White "De Arruda, Leandro Formes"]
[Black "Qashashvili, Alexandre"]
[WhiteFideId "22722009"]
[BlackFideId "13600842"]
[WhiteElo "1852"]
[BlackElo "2316"]
[Result "0-1"]
[Round "05"]
[TimeControl "180+1"]
[Date "2022.03.09"]
[WhiteClock "0:00:06"]
[BlackClock "0:01:46"]

1. d4 d5 2. Nf3 c6 3. e3 Bf5 4. Nbd2 e6 5. Bd3 Bxd3 6. cxd3 Nf6 7. O-O Be7 8. Ne5 Nbd7 9. f4 O-O 10. Rf3 c5 11. dxc5 Bxc5 12. d4 Bb4 13. Rh3 Bxd2 14. Bxd2 Nxe5 15. fxe5 Ne4 16. Qh5 h6 17. Be1 Qg5 18. Qe2 f6 19. Bb4 Rf7 20. exf6 Qxf6 21. Rf3 Qg6 22. Rxf7 Qxf7 23. Rf1 Qg6 24. Qf3 a5 25. Be1 Rc8 26. Bh4 Nd2 27. Qf2 Nxf1 28. Qxf1 Rc2 29. Bg3 Rxb2 30. h3 Rb1 31. Be1 Qf5 32. Qe2 Ra1 33. Kh2 Rc1 34. Bxa5 Rc2 35. Qe1 Rxa2 36. Bb4 Qe4 37. Qg3 Kh7 38. Bd6 Qg6 39. Qf3 b5 40. Be5 b4 41. Kh1 b3 42. h4 b2 0-1


[Site "https://www.chess.com"]

[Event "Titled Tuesday Blitz March 08 Early 2022"]
[White "Dejmek, Mark"]
[Black "Piliczewski, Bogusz"]
[WhiteFideId "2017628"]
[BlackFideId "1104144"]
[WhiteElo "2234"]
[BlackElo "1896"]
[Result "1-0"]
[Round "05"]
[TimeControl "180+1"]
[Date "2022.03.09"]
[WhiteClock "0:01:05"]
[BlackClock "0:00:54"]

1. Nf3 d5 2. c4 c6 3. Qc2 Nf6 4. g3 g6 5. b3 Bf5 6. d3 Bg7 7. Bb2 O-O 8. Bg2 Nbd7 9. O-O Rc8 10. Nbd2 Qc7 11. Nd4 e6 12. Nxf5 gxf5 13. Rac1 Qb6 14. Nf3 Rfd8 15. Ne5 Bh6 16. e3 Bxe3 17. Nxd7 Bxf2+ 18. Qxf2 Qxf2+ 19. Rxf2 Nxd7 20. cxd5 cxd5 21. Rfc2 Rxc2 22. Rxc2 b6 23. Rc7 Nc5 24. Bf6 Rd7 25. Rc8+ 1-0


[Site "https://www.chess.com"]

[Event "Titled Tuesday Blitz March 08 Early 2022"]
[White "Demchenko, Anton"]
[Black "Nasuta, Grzegorz"]
[WhiteFideId "4160258"]
[BlackFideId "1141686"]
[WhiteElo "2539"]
[BlackElo "2396"]
[Result "1-0"]
[Round "05"]
[TimeControl "180+1"]
[Date "2022.03.08"]
[WhiteClock "0:00:42"]
[BlackClock "0:00:02"]

1. e4 e5 2. Nf3 Nc6 3. Bc4 Nf6 4. d3 Bc5 5. Bg5 h6 6. Bh4 Be7 7. Bg3 d6 8. a4 a6 9. h3 O-O 10. O-O Be6 11. Bxe6 fxe6 12. c3 Rb8 13. Nbd2 Qe8 14. Qb3 Qf7 15. a5 Nh5 16. Bh2 Qg6 17. Kh1 Kh8 18. d4 exd4 19. Nxd4 Bg5 20. N2f3 Nxd4 21. cxd4 Qxe4 22. Rae1 Qd5 23. Qxd5 exd5 24. Nxg5 hxg5 25. Re7 b6 26. Rxc7 bxa5 27. Bxd6 Rfc8 28. Rc5 Rxc5 29. dxc5 Rxb2 30. Rc1 Rb8 31. Bxb8 1-0


[Site "https://www.chess.com"]

[Event "Titled Tuesday Blitz March 08 Early 2022"]
[White "Demin, Vladimir"]
[Black "Vianello, Enrico"]
[WhiteFideId "4167457"]
[BlackFideId "810738"]
[WhiteElo "2507"]
[BlackElo "2310"]
[Result "1-0"]
[Round "05"]
[TimeControl "180+1"]
[Date "2022.03.09"]
[WhiteClock "0:00:09"]
[BlackClock "0:00:11"]

1. d4 d5 2. Nc3 Nf6 3. Bf4 e6 4. e3 Bd6 5. Nge2 Bxf4 6. Nxf4 O-O 7. g4 Nfd7 8. h4 c6 9. Bd3 e5 10. dxe5 Nxe5 11. Be2 Re8 12. Qd4 Qb6 13. O-O-O Qxd4 14. exd4 Nxg4 15. Bxg4 Bxg4 16. Rdg1 Bf5 17. Rg5 g6 18. h5 Nd7 19. Rhg1 Kf8 20. h6 Nf6 21. f3 Re3 22. R1g3 Rae8 23. Kd2 R3e7 24. Nd1 Bc8 25. Nf2 Ng8 26. Rg1 Nxh6 27. Rh1 Ng8 28. Rxh7 Bf5 29. Rh1 Rd8 30. c3 Nf6 31. Rh8+ Ng8 32. Ng4 Kg7 33. Rh2 Bxg4 34. Rxg4 Rde8 35. Rgh4 Nf6 36. Rg2 Rg8 37. Rh1 Kf8 38. a4 Kg7 39. Nd3 Rh8 40. Rxh8 Kxh8 41. Ne5 Kg7 42. a5 Nd7 43. f4 Nxe5 44. fxe5 f6 45. exf6+ Kxf6 46. b4 Re4 47. Rf2+ Kg7 48. Rg2 Kf6 49. Rf2+ Kg7 50. Rg2 Re6 51. Kd3 Rf6 52. Re2 Kf7 53. Rh2 Kg7 54. Re2 Rf7 55. Rg2 Kf6 56. Rf2+ Ke6 57. Rg2 Rg7 58. Rg5 Kf6 59. Rg2 g5 60. Ke3 Kg6 61. Kf3 Rf7+ 62. Kg3 Re7 63. Kf3 Re4 64. Rh2 Rf4+ 65. Kg3 Rf7 66. Rh8 Re7 67. Kf3 Rf7+ 68. Kg3 Kf5 69. Re8 Kf6 70. Kg4 Re7 71. Rxe7 Kxe7 72. Kxg5 Kf7 73. Kf5 Ke7 74. Ke5 Kd7 75. b5 Ke7 76. a6 bxa6 77. bxc6 a5 78. Kxd5 a4 79. Kc4 Kd6 80. d5 a5 81. Kd3 a3 82. Kc2 a4 83. Kb1 Kc5 84. Ka2 Kc4 85. c7 Kxc3 86. c8=Q+ Kd4 87. d6 Kd5 88. d7 Kd6 89. d8=Q+ 1-0


[Site "https://www.chess.com"]

[Event "Titled Tuesday Blitz March 08 Early 2022"]
[White "Domingo Nunez, Alejandro"]
[Black "Vogel, Roven"]
[WhiteFideId "22245561"]
[BlackFideId "12908088"]
[WhiteElo "2215"]
[BlackElo "2516"]
[Result "1/2-1/2"]
[Round "05"]
[TimeControl "180+1"]
[Date "2022.03.09"]
[WhiteClock "0:00:05"]
[BlackClock "0:00:27"]

1. Nf3 d5 2. g3 Bg4 3. Bg2 Nd7 4. a4 Ngf6 5. d4 e6 6. b3 Bd6 7. Bb2 O-O 8. O-O c6 9. Nbd2 Qe7 10. Ne5 Bh5 11. c4 a5 12. Re1 Bb4 13. Nd3 Bd6 14. Qc2 Rfc8 15. e4 dxe4 16. Nxe4 Nxe4 17. Rxe4 Bg6 18. Re3 Qd8 19. Qe2 Bf8 20. Nf4 Nf6 21. h4 Bf5 22. Bf3 Bd6 23. Nd3 Bxd3 24. Rxd3 Bf8 25. Rad1 Qe7 26. Kg2 Rd8 27. Qe1 Qb4 28. Qe5 Bd6 29. Qg5 h6 30. Qe3 Be7 31. Qe5 Qd6 32. Qe2 Qc7 33. Bc1 Rd7 34. Bf4 Bd6 35. Be5 Qd8 36. Qe3 Qe7 37. Bxd6 Rxd6 38. d5 cxd5 39. cxd5 Re8 40. dxe6 Rxe6 41. Qf4 Re5 42. Rd6 Re6 43. Rxe6 Qxe6 44. Rd3 b6 45. Qd4 Rb8 46. Rc3 h5 47. Qf4 Re8 48. Re3 Nd5 49. Bxd5 Qxd5+ 50. Qf3 Qxf3+ 51. Kxf3 Rc8 52. Re5 Rc3+ 53. Re3 Rc5 54. Ke4 g6 55. Kd4 Kf8 56. Rc3 Rf5 57. f4 Ke7 58. Rc6 b5 59. Rc5 bxa4 60. bxa4 Kd6 61. Re5 Rxe5 62. fxe5+ Ke6 63. Ke4 f6 64. exf6 Kxf6 65. Kf4 Ke6 66. Kg5 Kf7 67. Kf4 Kf6 68. Ke4 g5 69. hxg5+ Kxg5 70. Kf3 Kf5 71. Ke3 Ke5 72. Kf3 Kf5 73. Ke3 Kg4 74. Kf2 Kg5 75. Kf3 Kg6 76. Kf4 Kf6 77. Ke4 Kg5 78. Kf3 1/2-1/2


[Site "https://www.chess.com"]

[Event "Titled Tuesday Blitz March 08 Early 2022"]
[White "Donchenko, Alexander"]
[Black "Bayramov, Zaur"]
[WhiteFideId "24603295"]
[BlackFideId "13405080"]
[WhiteElo "2539"]
[BlackElo "2166"]
[Result "1-0"]
[Round "05"]
[TimeControl "180+1"]
[Date "2022.03.09"]
[WhiteClock "0:01:15"]
[BlackClock "0:01:16"]

1. e4 c5 2. Nf3 a6 3. c4 e6 4. d4 cxd4 5. Nxd4 Nc6 6. a3 d5 7. cxd5 exd5 8. Nxc6 bxc6 9. exd5 cxd5 10. Bd3 Nf6 11. O-O Be7 12. Nc3 O-O 13. Be3 a5 14. Bd4 Ba6 15. Nb5 Ne4 16. Re1 Bf6 17. a4 Bxd4 18. Nxd4 Qf6 19. Bxe4 dxe4 20. Rxe4 Rfd8 21. Qg4 Rab8 22. Rae1 g6 23. h4 Rxb2 24. Re8+ Kg7 25. Nf5+ Qxf5 26. Qxf5 Rxe8 27. Qxa5 Rxe1+ 28. Qxe1 1-0


[Site "https://www.chess.com"]

[Event "Titled Tuesday Blitz March 08 Early 2022"]
[White "Dwilewicz, Katarzyna"]
[Black "Tarhan, Adar"]
[WhiteFideId "1148486"]
[BlackFideId "34544712"]
[WhiteElo "1907"]
[BlackElo "1802"]
[Result "0-1"]
[Round "05"]
[TimeControl "180+1"]
[Date "2022.03.09"]
[WhiteClock "0:00:15"]
[BlackClock "0:02:14"]

1. e4 c6 2. d4 d5 3. e5 Bf5 4. h4 h5 5. Nf3 e6 6. Bg5 Be7 7. Nc3 Nd7 8. Qd2 Qb6 9. O-O-O a5 10. Na4 Qa7 11. Bd3 b5 12. Bxf5 bxa4 13. Bd3 Rb8 14. Kb1 Qb6 15. b3 axb3 16. cxb3 a4 17. Bc2 axb3 18. Bxb3 c5 19. Ka1 c4 20. Ba4 Bb4 21. Qc2 Qa5 22. Rb1 Bc3+ 23. Rb2 Rxb2 24. Bxd7+ Kxd7 0-1


[Site "https://www.chess.com"]

[Event "Titled Tuesday Blitz March 08 Early 2022"]
[White "Erigaisi Arjun"]
[Black "Dubov, Daniil"]
[WhiteFideId "35009192"]
[BlackFideId "24126055"]
[WhiteElo "2913"]
[BlackElo "3007"]
[Result "1-0"]
[Round "05"]
[TimeControl "180+1"]
[Date "2022.03.08"]
[WhiteClock "0:00:31"]
[BlackClock "0:00:04"]

1. e4 c5 2. Nf3 e6 3. b3 d6 4. Bb2 Bd7 5. Bd3 Nc6 6. O-O Nf6 7. Re1 e5 8. Nc3 Be7 9. Bc4 O-O 10. Nd5 Nxd5 11. Bxd5 Bf6 12. c3 Rc8 13. d3 Re8 14. Qd2 Bg4 15. Re3 Qd7 16. h3 Be6 17. c4 g6 18. Kh2 Bg7 19. Ree1 h6 20. Ng1 Qe7 21. Ne2 Bxd5 22. exd5 Nb8 23. f4 Nd7 24. Ng3 f5 25. fxe5 Nxe5 26. Kg1 Qh4 27. Nf1 Re7 28. Re2 Rce8 29. Rae1 Qg5 30. Qxg5 hxg5 31. Bxe5 Bxe5 32. Nd2 g4 33. hxg4 fxg4 34. Ne4 Kg7 35. g3 Rf8 36. Nxd6 Bd4+ 37. Kg2 Rf2+ 38. Rxf2 Rxe1 39. Rf7+ Kh6 40. Rxb7 Rg1+ 41. Kh2 Rf1 42. Ne4 Re1 43. d6 Re2+ 44. Kh1 1-0


[Site "https://www.chess.com"]

[Event "Titled Tuesday Blitz March 08 Early 2022"]
[White "Estrada Nieto, Julian"]
[Black "Papasimakopoulos, Alexandros"]
[WhiteFideId "5101018"]
[BlackFideId "4244125"]
[WhiteElo "2246"]
[BlackElo "2340"]
[Result "0-1"]
[Round "05"]
[TimeControl "180+1"]
[Date "2022.03.09"]
[WhiteClock "0:00:09"]
[BlackClock "0:00:14"]

1. e4 e6 2. d4 d5 3. Nd2 Be7 4. Bd3 c5 5. dxc5 Bxc5 6. Ngf3 Nc6 7. Qe2 Nf6 8. O-O a6 9. c3 h6 10. e5 Nd7 11. Nb3 Be7 12. Bc2 b5 13. Nbd4 Bb7 14. Nxc6 Bxc6 15. Nd4 Bb7 16. Nxe6 fxe6 17. Bg6+ Kf8 18. Qf3+ Bf6 19. exf6 Qxf6 20. Qg3 Ne5 21. Bc2 Rc8 22. Bf4 Nf7 23. Rfe1 Ke7 24. Bg6 Rhe8 25. Bxf7 Kxf7 26. Be5 Qg6 27. Qf4+ Qf5 28. Qg3 Qg6 29. Qf4+ Kg8 30. Re3 Rc4 31. Rg3 Rxf4 32. Rxg6 Rf7 33. a4 Kh7 34. Rg3 Bc6 35. axb5 Bxb5 36. f4 Rb7 37. b4 Rc8 38. h4 Rc4 39. Rd1 Re4 40. Rd2 Re1+ 41. Kh2 Rf1 42. Rg4 Rf7 43. Rf2 Rxf2 44. Kg3 Rc2 0-1


[Site "https://www.chess.com"]

[Event "Titled Tuesday Blitz March 08 Early 2022"]
[White "Eynullayev, Atilla"]
[Black "Rustemov, Alexander"]
[WhiteFideId "13413570"]
[BlackFideId "4119002"]
[WhiteElo "1979"]
[BlackElo "2772"]
[Result "0-1"]
[Round "05"]
[TimeControl "180+1"]
[Date "2022.03.09"]
[WhiteClock "0:00:07"]
[BlackClock "0:01:54"]

1. e4 e6 2. d4 d5 3. e5 c5 4. c3 Qb6 5. Nf3 Bd7 6. Bd3 Bb5 7. dxc5 Bxc5 8. b4 Bxd3 9. Qxd3 Bf8 10. O-O Qa6 11. Qd1 Ne7 12. a4 Nd7 13. Na3 Qc6 14. Nb5 Ng6 15. Re1 a6 16. Nfd4 Qc4 17. Nd6+ Bxd6 18. exd6 O-O 19. Qb3 Rfc8 20. Bb2 Qxb3 21. Nxb3 Nge5 22. Nd4 Nc4 23. Rab1 Nxd6 24. f3 Nb6 25. a5 Na4 0-1


[Site "https://www.chess.com"]

[Event "Titled Tuesday Blitz March 08 Early 2022"]
[White "Ezat, Mohamed"]
[Black "Baches Garcia, Guillermo"]
[WhiteFideId "10600906"]
[BlackFideId "2209764"]
[WhiteElo "2386"]
[BlackElo "2414"]
[Result "1-0"]
[Round "05"]
[TimeControl "180+1"]
[Date "2022.03.09"]
[WhiteClock "0:00:41"]
[BlackClock "0:00:10"]

1. d4 Nf6 2. c4 e6 3. Nc3 d5 4. cxd5 Nxd5 5. e4 Nxc3 6. bxc3 c5 7. a3 cxd4 8. cxd4 e5 9. d5 Bd6 10. Be2 O-O 11. Nf3 Nd7 12. O-O Nc5 13. Nd2 Bd7 14. a4 Rc8 15. a5 Qe8 16. Nc4 Nxe4 17. Bd3 Rxc4 18. Bxc4 f5 19. Ba3 Qe7 20. Bxd6 Qxd6 21. Qe2 Rc8 22. Rfc1 Rc5 23. Bd3 Nc3 24. Qe3 f4 25. Qd2 Qc7 26. d6 Qc6 27. h3 f3 28. gxf3 Qxf3 29. Rxc3 1-0


[Site "https://www.chess.com"]

[Event "Titled Tuesday Blitz March 08 Early 2022"]
[White "Flis, Pawel"]
[Black "Quirke, Jeffrey"]
[WhiteFideId "1112864"]
[BlackFideId "2013029"]
[WhiteElo "1735"]
[BlackElo "2114"]
[Result "0-1"]
[Round "05"]
[TimeControl "180+1"]
[Date "2022.03.09"]
[WhiteClock "0:00:01"]
[BlackClock "0:00:08"]

1. e4 c5 2. d4 cxd4 3. Nf3 e6 4. Nxd4 a6 5. Nc3 b5 6. Be2 Bb7 7. Bf3 Nc6 8. O-O Ne5 9. Bf4 d6 10. Bxe5 dxe5 11. Nb3 Nf6 12. Re1 Be7 13. Qe2 O-O 14. Rad1 Qc7 15. Nb1 Rfd8 16. c3 Bc6 17. N1d2 Qb6 18. Nf1 a5 19. Ng3 a4 20. Nd2 a3 21. b3 h6 22. c4 Bc5 23. Rf1 b4 24. Rfe1 Rd4 25. Ndf1 Rad8 26. Rxd4 Rxd4 27. Ne3 Qd8 28. Rd1 Rxd1+ 29. Qxd1 Qxd1+ 30. Nxd1 Bd4 31. Kf1 Nd7 32. Ke2 Nc5 33. Ne3 Bxe3 34. Kxe3 Nxb3 35. Ne2 Nc5 36. Nc1 Ba4 37. Kd2 Kf8 38. g4 Ke7 39. Bg2 Kd6 40. f3 Kc6 41. Bf1 Nd7 42. Bd3 Kc5 43. Ne2 Nb6 44. Kc1 Nxc4 45. Bxc4 Kxc4 46. Ng3 b3 47. axb3+ Kxb3 48. Kb1 g6 49. h4 Kc3 50. Ka2 Kd3 51. Kxa3 Bd1 0-1


[Site "https://www.chess.com"]

[Event "Titled Tuesday Blitz March 08 Early 2022"]
[White "Fus, Jakub"]
[Black "Garv Gaur"]
[WhiteFideId "1193023"]
[BlackFideId "45030839"]
[WhiteElo "2111"]
[BlackElo "1950"]
[Result "0-1"]
[Round "05"]
[TimeControl "180+1"]
[Date "2022.03.09"]
[WhiteClock "0:01:16"]
[BlackClock "0:01:33"]

1. Nf3 d5 2. e3 Nf6 3. c4 e6 4. b3 Be7 5. Bb2 O-O 6. Nc3 b6 7. cxd5 exd5 8. d4 c5 9. Be2 Bb7 10. O-O Nc6 11. Rc1 Rc8 12. Bd3 cxd4 13. exd4 Nb4 14. Bb1 Ne4 15. Re1 f5 16. Ne2 Qd6 17. Ne5 Bg5 18. Rxc8 Rxc8 19. f3 Be3+ 20. Kf1 Nf2 21. Ba3 Nxd1 22. Rxd1 a5 23. Bxf5 Rf8 24. Bb1 Ba6 25. g3 Bxd4 26. Rxd4 Qxe5 27. Rd2 Rxf3+ 0-1


[Site "https://www.chess.com"]

[Event "Titled Tuesday Blitz March 08 Early 2022"]
[White "Gabrielian, Artur"]
[Black "Jobava, Baadur"]
[WhiteFideId "4131002"]
[BlackFideId "13601520"]
[WhiteElo "2762"]
[BlackElo "2944"]
[Result "0-1"]
[Round "05"]
[TimeControl "180+1"]
[Date "2022.03.08"]
[WhiteClock "0:00:00"]
[BlackClock "0:00:05"]

1. e4 c6 2. d4 d5 3. e5 Bf5 4. h4 Qc7 5. Bd3 Bxd3 6. Qxd3 e6 7. Nf3 c5 8. Nc3 a6 9. Ne2 cxd4 10. Nexd4 Ne7 11. O-O Nbc6 12. Re1 Nxd4 13. Nxd4 Nc6 14. c3 Be7 15. Qg3 g6 16. Bg5 h6 17. Bxe7 Nxe7 18. a4 O-O-O 19. b4 Nf5 20. Qd3 Qc4 21. Qd2 Nxh4 22. a5 Nf5 23. b5 Kd7 24. bxa6 bxa6 25. Rab1 Rb8 26. Rb6 Rxb6 27. axb6 Rb8 28. Rb1 Qc5 29. Qb2 Rb7 30. Nxf5 gxf5 31. Qb3 a5 32. Qa4+ Ke7 33. Qh4+ Ke8 34. Qa4+ Kf8 35. Qh4 Ke8 36. Qa4+ Kd8 37. Qh4+ Kc8 38. Qxh6 Rxb6 39. Ra1 Kb7 40. Qh7 Qc7 41. Qg8 Rb3 42. Qe8 Rxc3 43. Qb5+ Qb6 44. Qe8 Rc7 45. Qf8 Ka7 46. Qa3 Rc5 47. Qd3 Kb7 48. Qg3 Rb5 49. Qg7 Rb1+ 50. Rxb1 Qxb1+ 51. Kh2 Qb6 52. Qxf7+ Ka6 53. Qe8 d4 0-1


[Site "https://www.chess.com"]

[Event "Titled Tuesday Blitz March 08 Early 2022"]
[White "Garriga Cazorla, Pere"]
[Black "Mkrtchyan, Mariam"]
[WhiteFideId "32011601"]
[BlackFideId "13310828"]
[WhiteElo "2458"]
[BlackElo "1984"]
[Result "1-0"]
[Round "05"]
[TimeControl "180+1"]
[Date "2022.03.09"]
[WhiteClock "0:00:18"]
[BlackClock "0:00:01"]

1. Nf3 g6 2. h4 Nf6 3. c4 Bg7 4. Nc3 d6 5. d4 Bg4 6. Qb3 Qc8 7. Bg5 O-O 8. e3 Nc6 9. Be2 e5 10. dxe5 dxe5 11. Rd1 Nd7 12. h5 Bxh5 13. Nd5 Re8 14. Qc2 a5 15. c5 Bg4 16. Rh4 Bf5 17. e4 Be6 18. Kf1 f6 19. Be3 Nf8 20. Qc1 h5 21. Bb5 Rd8 22. Bxc6 Kf7 23. Ba4 Nd7 24. Bb3 Nf8 25. Bc4 a4 26. Kg1 Qd7 27. Rh1 Qc6 28. Kh2 g5 29. Qc2 Ng6 30. Nb4 Qe8 31. c6 b6 32. Bd5 h4 33. Bxg5 h3 34. g3 Nf8 35. Be3 Kg6 36. Nh4+ Kh7 37. Bxe6 Nxe6 38. Nf5 Bf8 39. Nd5 Bg7 40. Kxh3 Kg6 41. Kg2 Kf7 42. Qc4 Kg6 43. Rh4 a3 44. b4 Qf7 45. Rdh1 Rh8 46. Rg4+ Ng5 47. Nde7+ 1-0


[Site "https://www.chess.com"]

[Event "Titled Tuesday Blitz March 08 Early 2022"]
[White "Gatterer, Florian"]
[Black "Romanchuk, Viktor"]
[WhiteFideId "811688"]
[BlackFideId "14109271"]
[WhiteElo "2218"]
[BlackElo "2242"]
[Result "0-1"]
[Round "05"]
[TimeControl "180+1"]
[Date "2022.03.09"]
[WhiteClock "0:00:08"]
[BlackClock "0:00:11"]

1. b3 d5 2. Nf3 c6 3. Bb2 Bf5 4. g3 e6 5. Bg2 Nd7 6. d3 h6 7. O-O Ngf6 8. Nbd2 Bc5 9. Qe1 O-O 10. h3 Qe7 11. e4 Bh7 12. Qe2 Ba3 13. Bc3 Bb4 14. Bb2 Ba3 15. Bc3 Rfd8 16. Rfe1 a5 17. e5 Ne8 18. Nf1 a4 19. Ne3 c5 20. d4 Rdc8 21. Kh2 Nc7 22. Rab1 axb3 23. axb3 Na6 24. Bb2 cxd4 25. Nxd4 Bxb2 26. Rxb2 Nb4 27. f4 Nc6 28. Nxc6 bxc6 29. c4 Rcb8 30. cxd5 cxd5 31. g4 Nc5 32. f5 Nxb3 33. Nxd5 exd5 34. Bxd5 Nd4 35. Rxb8+ Rxb8 36. Qc4 Nxf5 37. gxf5 Bxf5 38. Rf1 Qxe5+ 39. Kh1 Rc8 40. Bxf7+ Kh8 41. Rxf5 Qxf5 42. Qe6 Rc1+ 43. Kg2 Qf1+ 44. Kg3 Rc3+ 45. Kh4 Qf4+ 46. Kh5 Rc5+ 47. Kg6 Rg5# 0-1


[Site "https://www.chess.com"]

[Event "Titled Tuesday Blitz March 08 Early 2022"]
[White "Goltseva, Ekaterina"]
[Black "Lewtak, Damian"]
[WhiteFideId "24173770"]
[BlackFideId "1141724"]
[WhiteElo "2140"]
[BlackElo "2362"]
[Result "1-0"]
[Round "05"]
[TimeControl "180+1"]
[Date "2022.03.09"]
[WhiteClock "0:01:16"]
[BlackClock "0:01:08"]

1. d4 Nf6 2. c4 Nc6 3. Nf3 d6 4. g3 e5 5. Bg2 Bg4 6. Nc3 Bxf3 7. Bxf3 exd4 8. Nb5 Be7 9. Nxd4 Nxd4 10. Qxd4 c6 11. O-O O-O 12. Bf4 Qd7 13. Rfd1 Rfd8 14. Rd2 Ne8 15. Rad1 Bf6 16. Qe4 Qe7 17. Qxe7 Bxe7 18. b4 a5 19. b5 Rdc8 20. a4 Rab8 21. Bg4 Rd8 22. c5 cxb5 23. cxd6 Nxd6 24. Bxd6 Bxd6 25. Rxd6 Rxd6 26. Rxd6 bxa4 27. Bd7 b5 28. Bxb5 a3 29. Bc4 Kf8 30. Ra6 Rb4 31. Ra8+ Ke7 32. Ra7+ Kf8 33. Bxf7 Rb2 34. Bd5 Rb5 35. e4 1-0


[Site "https://www.chess.com"]

[Event "Titled Tuesday Blitz March 08 Early 2022"]
[White "Golubka, Petro"]
[Black "Kollars, Dmitrij"]
[WhiteFideId "14114224"]
[BlackFideId "12909572"]
[WhiteElo "2346"]
[BlackElo "2584"]
[Result "0-1"]
[Round "05"]
[TimeControl "180+1"]
[Date "2022.03.08"]
[WhiteClock "0:00:10"]
[BlackClock "0:00:56"]

1. e4 c6 2. d4 d5 3. e5 Bf5 4. Nf3 e6 5. Be2 c5 6. O-O Nc6 7. Be3 cxd4 8. Nxd4 Nge7 9. f4 Nxd4 10. Bxd4 Nc6 11. Bf2 Be7 12. g4 Bg6 13. Nd2 h5 14. g5 f6 15. exf6 gxf6 16. h4 Qc7 17. Be1 O-O-O 18. Bd3 Bxd3 19. cxd3 Kb8 20. Kh1 Rhf8 21. g6 Nd4 22. Nf3 Nf5 23. Qe2 Qd7 24. Rg1 Bd6 25. Bd2 Rg8 26. Rae1 Rde8 27. b3 Rg7 28. Rg2 Qc7 29. Rc1 Qe7 30. Re1 a6 31. a4 Qc7 32. Rc1 Qd7 33. Re1 Ka8 34. a5 Qb5 35. b4 Ree7 36. Rc1 Qe8 37. Qd1 Rxg6 38. Rxg6 Qxg6 39. Rc8+ Bb8 40. Qe1 Rg7 41. Qf2 Qg4 42. Kh2 Ng3 43. Be3 e5 44. fxe5 Qxc8 0-1


[Site "https://www.chess.com"]